 Dungeon Crawl Stone Soup version 0.31-a0-182-gc5ef74bbde (webtiles) character file.

Game seed: 3414002347438561779

2561 Jeffwins the Cutter (level 9, 0/58 HPs)
             Began as an Octopode Wanderer on June 20, 2023.
             Slain by an orc warrior
             ... wielding a +0 battleaxe
              (6 damage)
             ... on level 7 of the Dungeon.
             The game lasted 00:15:00 (6781 turns).

Jeffwins the Cutter (Octopode Wanderer)             Turns: 6781, Time: 00:15:01

Health: 0/58       AC:  1    Str: 12 (15) XL:     9   Next: 56%
Magic:  16/16      EV: 18    Int: 19 (21) God:
Gold:   338        SH:  4    Dex: 10 (11) Spells: 11/17 levels left

rFire   + . .        a - +2 dagger (venom)
rCold   . . .        s - +0 buckler
rNeg    . . .        (helmet restricted)
rPois   .            A - amulet of the acrobat
rElec   .            S - +6 ring of strength
rCorr   .            E - +5 ring of evasion
SInv    .            (no ring)
Will    +....        (no ring)
Stlth   ++++         (no ring)
HPRegen 0.29/turn    (no ring)
MPRegen 0.15/turn    (no ring)
                     (no ring)

%: acrobat
@: brilliant, enlightened, flying, hasted, studying Short Blades, very quick
A: almost no armour, amphibious, 8 rings, camouflage 1, gelatinous body 1,
(nimble swimmer 1), tentacles, fire resistance 1, wild magic 1
a: no special abilities


You were on level 7 of the Dungeon.
You visited 2 branches of the dungeon, and saw 8 of its levels.
You also visited: Sewer.

You collected 338 gold pieces.


Innate Abilities, Weirdness & Mutations

You cannot wear most types of armour.
You are amphibious.
You can wear up to eight rings at the same time.
Your skin changes colour to match your surroundings (Stealth+).
Your rubbery body absorbs attacks. (AC +1, EV +1)
((You are camouflaged when in or above water. (Stealth+)))
You have tentacles for arms and can constrict up to eight enemies at once.
Your flesh is heat resistant. (rF+)
Your spells are a little harder to cast, but a little more powerful.


   Skills:
 + Level 4.1 Fighting
 * Level 6.5 Short Blades
 + Level 3.5 Dodging
 + Level 5.1 Stealth
 + Level 2.3 Shields
 * Level 4.8 Spellcasting
 * Level 4.1 Conjurations
 * Level 4.2 Fire Magic
 - Level 5.0 Ice Magic
 + Level 4.0 Evocations


You had 11 spell levels left.
You knew the following spells:

 Your Spells              Type           Power      Damage    Failure   Level
f - Fireball              Conj/Fire      20%        3d10      73%         5
z - Freeze                Ice            100%       1d10      4%          1

Your spell library contained the following spells:

 Spells                   Type           Power      Damage    Failure   Level
 Ozocubu's Armour         Ice            45%        N/A       11%         3
 Kiss of Death            Conj/Necr      96%        2d12      12%         1
 Apportation              Tloc           16%        N/A       26%         1
 Necrotise                Necr           32%        1d5       26%         1
 Summon Small Mammal      Summ           32%        N/A       26%         1
 Call Canine Familiar     Summ           8%         N/A       56%         3
 Confusing Touch          Hex            8%         N/A       56%         3
 Gell's Gravitas          Tloc           8%         N/A       56%         3
 Summon Guardian Golem    Hex/Summ       8%         N/A       56%         3
 Teleport Other           Tloc           8%         N/A       56%         3
 Ice Form                 Ice/Tmut       27%        N/A       63%         4
 Iskenderun's Battlesphe  Conj           40%        2d9       73%         5
 Animate Dead             Necr           8%         N/A       91%         4
 Dispel Undead            Necr           8%         3d8       91%         4
 Summon Lightning Spire   Summ/Air       8%         N/A       91%         4
 Blade Hands              Tmut           4%         N/A       99%         5
 Borgnjor's Vile Clutch   Necr/Erth      4%         N/A       99%         5
 Conjure Ball Lightning   Conj/Air       12%        3x3d6     100%        6
 Death Channel            Necr           4%         N/A       100%        6
 Dispersal                Tloc           4%         N/A       100%        6
 Orb of Destruction       Conj           20%        9d8       100%        7
 Animate Armour           Summ/Erth      Unusable   N/A       N/A         4

Inventory:

Hand Weapons
 a - a +2 dagger of venom (weapon)
 m - the +1 whip of Segh {heavy, Str-2 Int+3 Dex+2}
   (You found it on level 3 of the Dungeon)

   Str:       It affects your strength (-2).
   Int:       It affects your intelligence (+3).
   Dex:       It affects your dexterity (+2).
 u - the +2 trident "Beastslayer" {spect, rPois Dex+6}
   (You took it off a hobgoblin on level 3 of the Dungeon)

   Dex:       It affects your dexterity (+6).
   rPois:     It protects you from poison.
Armour
 s - a +0 buckler (worn)
 D - a +0 kite shield
Magical Staves
 x - a staff of fire
Jewellery
 A - an amulet of the acrobat (around mantle)
 C - a ring of ice
 E - a +5 ring of evasion (right tentacle)
 S - a +6 ring of strength (left tentacle)
Wands
 w - a wand of flame (31) (quivered)
Scrolls
 b - 3 scrolls of identify {unknown}
 c - 4 scrolls of teleportation {@r4}
 d - a scroll of fog
 g - 2 scrolls of immolation {!r}
 k - 2 scrolls of silence {unknown}
 l - 3 scrolls of fear {unknown}
 o - a scroll of brand weapon {unknown}
 p - a scroll of revelation {unknown}
 q - 3 scrolls of amnesia {unknown}
 t - 2 scrolls of poison {unknown}
 v - a scroll of enchant weapon {unknown}
 y - 2 scrolls of noise {unknown}
 B - a scroll of vulnerability {unknown}
Potions
 e - 8 potions of curing {@q1}
 f - 3 potions of magic
 i - 4 potions of brilliance
 j - a potion of mutation {!q}
 n - a potion of enlightenment
 r - a potion of invisibility {unknown}
 z - 2 potions of heal wounds {@q2}

Dungeon Overview and Level Annotations

Branches:
Dungeon (7/15)             Temple (1/1) D:6           Sewer (visited)

Altars:
Ashenzari
Cheibriados
Dithmenos
Elyvilon
Fedhas
Hepliaklqana
Kikubaaqudgha
Nemelex Xobeh
Okawaru
Ru
Sif Muna
Uskayaw
Vehumet
Wu Jian
Yredelemnul
Zin
The Shining One

Annotations:
D:7 Joseph

#.# ### #.# #.#
#.# !<. #.# ...
#o# #.# ..# #o#
#.# ..# #@###.#
# #.# #)##..# #.
#.# #.##.######
#.# #.#
#.........#
...#.#
####.####.#
#.#.####### #.#
#.........####.#
#.#.#####......#
...#.## ########


You could see an orc warrior (very poisoned) and an orc.


Message History

Your squeeze misses the orc warrior.
The orc warrior is moderately wounded.
You constrict the orc warrior, but do no damage.
Unknown command.
Okay, then.
Okay, then.
Okay, then.
It was a potion of magic.
Magic courses through your body.
You constrict the orc warrior, but do no damage.
The orc warrior closely misses you.
It was a potion of degeneration.
There was something very wrong with that liquid.
You feel weakened.
You feel dopey.
You feel clumsy.
You constrict the orc warrior, but do no damage.
The orc warrior hits you with a +0 battleaxe!
* * * LOW HITPOINT WARNING * * *
It was a potion of enlightenment.
You feel very buoyant.
You fly up into the air.
You constrict the orc warrior, but do no damage.
The orc warrior misses you.
It was a potion of haste.
You feel yourself speed up.
You constrict the orc warrior.
The orc warrior hits you with a +0 battleaxe!
* * * LOW HITPOINT WARNING * * *
It was a potion of brilliance.
You feel clever all of a sudden.
You constrict the orc warrior, but do no damage.
The orc warrior hits you with a +0 battleaxe.
You die...

Skill      XL: |  1  2  3  4  5  6  7  8  9 |
---------------+----------------------------+-----
Stealth        | 2 3 4 5 |  5.1
Spellcasting   | 2 3 4 |  4.8
Evocations     | 2 3 4 |  4.0
Short Blades   | 1 2 4 5 6 |  6.5
Dodging        | 2 3 |  3.5
Conjurations   | 1 2 3 4 |  4.1
Fire Magic     | 1 2 3 4 |  4.2
Ice Magic      | 5 |  5.0
Fighting       | 3 4 |  4.1
Shields        | 1 2 |  2.3

Action                     |  1- 3 |  4- 6 |  7- 9 || total
---------------------------+-------+-------+-------++-------
  Melee: Dagger            |    38 |   145 |   237 ||   420
         Tentacles         |    10 |    25 |    54 ||    89
         Constrict         |     9 |    39 |    59 ||   107
         Punch             |       |       |     3 ||     3
   Cast: Freeze            |     6 |     9 |    23 ||    38
  Evoke: Wand              |       |       |     7 ||     7
    Use: Potion            |     1 |     2 |     5 ||     8
         Scroll            |       |     3 |     1 ||     4
   Stab: Sleeping          |     2 |    21 |    14 ||    37
         Held in net/web   |       |       |     2 ||     2
         Distracted        |       |       |     1 ||     1
 Armour: Skin              |     5 |     6 |     9 ||    20
  Dodge: Dodged            |    60 |   140 |   170 ||   370
  Block: Buckler           |       |       |    27 ||    27

Levels and vault maps discovered:
D:1:      lemuel_arrival_broad_hall, layout_basic
D:2:      minmay_inner_zag, layout_basic, chequers_ecumenical_altar_island,
          uniq_sigmund, uniq_natasha
D:3:      minmay_general_purpose_star, layout_rooms, gup_sewer_entry_bowl,
          minmay_fractal_squares_diagonal_5
D:4:      layout_cave_pools, minitemple, uniq_robin
D:5:      old_forge, layout_basic, uniq_grinder
D:6:      layout_cave_pods, mainiacjoe_overflow_alcove_2,
          minmay_temple_entry_large_hall
D:7:      layout_loops_ring, nicolae_gozag_zags_fifth_avenue,
          grunt_temple_overflow_open, minmay_misc_feat_iff, uniq_joseph
Temple:   minmay_temple_curvy_branch

Notes
Turn   | Place    | Note
-------+----------+-------------------------------------------
     0 | D:1      | Jeffwins the Octopode Wanderer began the quest for the Orb.
     0 | D:1      | Jeffwins set off with the following items: a +0 dagger, a
                  | potion of mutation {!q}, a scroll of teleportation {@r4}, a
                  | scroll of fog; and the following spell memorised: Freeze;
                  | and the following spells available to memorise: Ozocubu's
                  | Armour, Ice Form.
     0 | D:1      | Reached XP level 1. HP: 14/14 MP: 2/2
     0 | D:1      | Gained mutation: Your spells are a little harder to cast,
                  | but a little more powerful. [potion of mutation]
     0 | D:1      | Gained mutation: Your flesh is heat resistant. (rF+)
                  | [potion of mutation]
   105 | D:2      | Reached XP level 2. HP: 9/19 MP: 0/4
   112 | D:2      | HP: 1/19 [poisoned by an adder]
   226 | D:2      | Noticed Natasha
   272 | D:2      | Killed Natasha
   273 | D:2      | Reached skill level 2 in Stealth
   273 | D:2      | Reached XP level 3. HP: 9/24 MP: 1/5
   353 | D:2      | Found a faded altar of an unknown god.
   649 | D:1      | Reached XP level 4. HP: 29/30 MP: 6/6
  1150 | D:2      | Noticed Natasha
  1162 | D:2      | Killed Natasha
  1163 | D:2      | Reached skill level 2 in Spellcasting
  1358 | D:2      | Reached skill level 2 in Evocations
  1385 | D:2      | Noticed Natasha
  1424 | D:2      | Killed Natasha
  1425 | D:2      | Reached skill level 1 in Short Blades
  1425 | D:2      | Reached XP level 5. HP: 35/35 MP: 8/8
  1479 | D:2      | Noticed Sigmund
  1577 | D:3      | Identified the +1 whip of Segh {heavy, Str-2 Int+3 Dex+2}
  1616 | D:3      | Reached skill level 2 in Dodging
  1674 | D:3      | Found a glowing drain.
  1678 | Sewer    | Entered a sewer
  1696 | Sewer    | Reached XP level 6. HP: 41/41 MP: 9/9
  1726 | Sewer    | Reached skill level 2 in Short Blades
  1734 | Sewer    | Learned a level 5 spell: Fireball
  1976 | Sewer    | Reached skill level 3 in Stealth
  1978 | Sewer    | HP: 4/41 [river rat (5)]
  2278 | Sewer    | Reached skill level 1 in Conjurations
  2278 | Sewer    | Reached skill level 1 in Fire Magic
  2278 | Sewer    | Reached XP level 7. HP: 45/45 MP: 11/11
  2294 | Sewer    | Reached skill level 5 in Ice Magic
  2712 | D:2      | Killed Sigmund
  2713 | D:2      | Reached skill level 3 in Fighting
  2713 | D:2      | Reached skill level 3 in Short Blades
  2713 | D:2      | Reached skill level 3 in Spellcasting
  3054 | D:3      | Identified the +2 trident "Beastslayer" {spect, rPois
                  | Dex+6}
  3409 | D:4      | Reached skill level 2 in Fire Magic
  3517 | D:4      | Reached skill level 4 in Short Blades
  3517 | D:4      | Reached skill level 2 in Conjurations
  3517 | D:4      | Reached skill level 3 in Evocations
  3517 | D:4      | Reached XP level 8. HP: 31/52 MP: 7/13
  3602 | D:4      | Noticed Robin
  3633 | D:4      | Killed Robin
  4070 | D:4      | Found a shimmering blue altar of Sif Muna.
  4071 | D:4      | Found a glowing silver altar of Zin.
  4140 | D:5      | Entered Level 5 of the Dungeon
  4229 | D:5      | Noticed Grinder
  4239 | D:5      | Killed Grinder
  4240 | D:5      | Reached skill level 4 in Stealth
  4240 | D:5      | Reached skill level 1 in Shields
  4512 | D:5      | Reached skill level 5 in Short Blades
  4512 | D:5      | Reached skill level 3 in Dodging
  4512 | D:5      | Reached skill level 4 in Spellcasting
  4512 | D:5      | Reached skill level 3 in Fire Magic
  4517 | D:5      | Reached skill level 3 in Conjurations
  4867 | D:5      | Reached XP level 9. HP: 30/58 MP: 15/15
  5398 | D:6      | Reached skill level 2 in Shields
  5479 | D:6      | Reached skill level 6 in Short Blades
  5801 | D:6      | Reached skill level 4 in Fighting
  5935 | D:6      | Found a staircase to the Ecumenical Temple.
  5959 | D:6      | Reached skill level 4 in Fire Magic
  5965 | Temple   | Entered the Ecumenical Temple
  6372 | D:6      | Found a shadowy altar of Dithmenos.
  6613 | D:7      | Reached skill level 5 in Stealth
  6613 | D:7      | Reached skill level 4 in Conjurations
  6614 | D:7      | Noticed Joseph
  6681 | D:7      | Reached skill level 4 in Evocations
  6781 | D:7      | Slain by an orc warrior

Vanquished Creatures
  Grinder (D:5)
  Sigmund (D:2)
  A steam dragon (D:7)
  3 water moccasins
  An ogre (D:5)
  2 black bears
  A centaur (D:6)
  A phantom (D:6)
  3 bullfrogs
  8 scorpions
  3 hounds
  A jelly (D:6)
  A sleepcap (D:6)
  Natasha (thrice) (D:2)
  An iguana (D:5)
  2 orc wizards
  Robin (D:4)
  15 adders
  5 river rats
  A white imp (D:6)
  2 worms
  6 dart slugs
  14 orcs
  16 bats
  7 endoplasms
  8 giant cockroaches
  18 goblins
  10 hobgoblins
  8 jackals
  8 kobolds
  2 quokkas
  23 ball pythons
  5 frilled lizards
  35 rats
217 creatures vanquished.

Table legend: (Time is in decaauts)
 A = Elapsed time spent in this place.
 B = Non-inter-level travel time spent in this place.
 C = Inter-level travel time spent in this place.
 D = Time resting spent in this place.
 E = Time spent auto-exploring this place.
 F = Levels seen in this place.
 G = Mean time per level.
                   A        B        C        D        E       F      G
               +--------+--------+--------+--------+--------+-----+--------+
         Total |   6733 |   6375 |    358 |    176 |   4808 |   9 |  748.1 |
       Dungeon |   5835 |   5481 |    354 |    173 |   4101 |   7 |  833.6 |
        Temple |    263 |    259 |      4 |      0 |    257 |   1 |  263.0 |
         Sewer |    633 |    633 |      0 |      3 |    450 |   1 |  633.0 |
               +--------+--------+--------+--------+--------+-----+--------+

Top non-repeatable levels by time:
     D:2: 1280 daAuts
     D:5: 1191 daAuts
     D:6: 983 daAuts
     D:3: 801 daAuts
     D:4: 754 daAuts
     D:1: 652 daAuts
   Sewer: 633 daAuts
  Temple: 263 daAuts
     D:7: 172 daAuts

Table legend:
 A = Non-vault XP
 B = Vault XP
 C = Vault XP percentage of total XP
 D = Non-vault monster count
 E = Vault monster count
 F = Vault count percentage of total count
                 A         B        C        D         E       F
            +---------+---------+-------+---------+---------+-------
      Total |    2323 |    1336 |  36.5 |     122 |      95 |  43.8
            +---------+---------+-------+---------+---------+-------
        D:1 |      47 |       0 |   0.0 |      28 |       0 |   0.0
        D:2 |     132 |     291 |  68.8 |      23 |       5 |  17.9
        D:3 |     112 |      67 |  37.4 |      24 |      18 |  42.9
        D:4 |     448 |      34 |   7.1 |      20 |      11 |  35.5
        D:5 |     583 |     625 |  51.7 |      10 |      10 |  50.0
        D:6 |     578 |       0 |   0.0 |      11 |       0 |   0.0
        D:7 |     423 |       0 |   0.0 |       6 |       0 |   0.0
      Sewer |       0 |     319 | 100.0 |       0 |      51 | 100.0
            +---------+---------+-------+---------+---------+-------
